AoeStats
← [CL] EnRolen

Nomad

507208989Analyzed
4v4 RM · 16d ago on Sep 17, 2026· 47m 19s· 8 players
Game mode
Random Map
Map size
231×231
Population
200
Speed
Normal
Resources
Standard
Victory
Conquest
Starting age
Dark Age
Ending age
Imperial Age
RankedLock teamsTeams togetherTeam positionsShared explorationLock speedFull tech treeHidden civsTurbo modeCheats
Victory
Defeat
🇹🇼 Malians · Taiwan
1382
+16
🇦🇺 Armenians · Australia
1376
+16
🇨🇳 Franks · China
1359
+17
🇨🇳 Celts · China
1312
+18
🇨🇳 Ethiopians · China
1428
-20
🇨🇱 Vikings · Chile
1407
-18
🇪🇸 Wu · Spain
1340
-15
🇻🇳 Persians · Vietnam
1318
-14
深秋
5:07 Loom
14:11 Feudal Age
19:34 Castle Age
17:41 Double-Bit Axe
22:15 Wheelbarrow
22:17 Bow Saw
23:13 Fishing Lines
23:58 Husbandry
25:38 Gillnets
26:19 Scale Barding Armor
26:25 Forging
31:14 Gold Mining
32:36 Gold Shaft Mining
35:59 Imperial Age
33:46 Hand Cart
34:43 Iron Casting
34:29 Chain Barding Armor
35:34 Stone Mining
36:15 Cavalier
37:20 Conscription
37:55 Plate Barding Armor
38:20 Blast Furnace
38:20 Paladin
Josephine Explosiphine
3:31 Loom
14:50 Feudal Age
15:52 Double-Bit Axe
18:54 Castle Age
17:42 Horse Collar
19:17 Fletching
20:22 Bodkin Arrow
20:54 Medium Warships
28:50 Bow Saw
29:44 Heavy Plow
29:46 Stone Mining
31:07 Wheelbarrow
30:54 Gold Mining
31:20 Town Watch
33:09 Gold Shaft Mining
33:29 Hand Cart
36:22 Imperial Age
34:26 Scale Mail Armor
34:36 Forging
35:22 Chain Mail Armor
34:57 Man-at-Arms
35:22 Gambesons
35:37 Squires
35:39 Arson
35:15 Pikeman
36:03 Long Swordsman
36:04 Halberdier
36:57 Capped Ram
37:00 Two-Handed Swordsman
38:03 Conscription
38:11 Fereters
38:50 Fereters
38:08 Siege Ram
39:28 Champion
41:04 Plate Mail Armor
41:09 Iron Casting
46:22 Blast Furnace
46:13 Town Patrol
46:41 Bracer
46:48 Padded Archer Armor
Julix
9:47 Loom
15:41 Feudal Age
23:40 Castle Age
23:41 Double-Bit Axe
23:50 Gold Mining
26:42 Bow Saw
27:58 Scale Mail Armor
29:38 Horse Collar
30:25 Forging
31:32 Chain Mail Armor
33:42 Squires
35:16 Iron Casting
41:37 Imperial Age
39:21 Fletching
41:12 Scale Barding Armor
41:26 Bloodlines
41:16 Husbandry
42:17 Wheelbarrow
43:55 Chain Barding Armor
43:52 Heavy Camel Rider
47:27 Conscription
47:08 Town Watch
野象
5:18 Loom
15:45 Feudal Age
17:31 Double-Bit Axe
18:34 Forging
21:04 Castle Age
20:11 Gold Mining
20:05 Horse Collar
22:04 Medium Warships
22:43 Iron Casting
22:08 Scale Mail Armor
21:33 Pikeman
24:03 Bow Saw
26:46 Heavy Plow
29:05 Gold Shaft Mining
31:28 Imperial Age
29:39 Wheelbarrow
29:47 Wheelbarrow
28:57 Town Watch
30:15 Clinker Construction
30:27 Ballistics
32:41 Heavy Warships
33:58 Heavy Scorpion
36:02 Heavy Plow
37:10 Chemistry
36:16 Siege Engineers
37:38 Stone Mining
38:15 Capped Ram
39:37 Halberdier
42:10 Treadmill Crane
42:42 Masonry
46:27 Furor Celtica
46:38 Conscription
| ArCas | Cristiano Onagro
7:03 Loom
12:31 Feudal Age
15:52 Fishing Lines
18:19 Castle Age
16:28 Town Watch
18:21 Scale Mail Armor
18:32 Forging
19:53 Wheelbarrow
19:52 Double-Bit Axe
20:51 Gillnets
22:00 Medium Warships
22:25 Squires
22:11 Arson
22:55 Horse Collar
25:39 Bow Saw
25:32 Heavy Plow
26:31 Hand Cart
27:54 Chain Mail Armor
27:30 Fletching
30:31 Iron Casting
31:36 Town Patrol
33:16 Gold Mining
33:17 Stone Mining
35:47 Pikeman
37:53 Gold Shaft Mining
41:00 Imperial Age
42:16 Conscription
42:03 Sitting Tiger
42:41 Halberdier
43:53 Plate Mail Armor
44:24 Blast Furnace
45:36 Two-Man Saw
44:02 Onager
44:58 Elite Skirmisher
[CL] EnRolen
5:33 Loom
蒜香骨
3:10 Loom
14:13 Feudal Age
17:57 Castle Age
16:31 Double-Bit Axe
19:30 Bow Saw
20:21 Wheelbarrow
19:33 Horse Collar
25:22 Town Watch
26:53 Heavy Plow
29:03 Hand Cart
29:05 Scale Mail Armor
34:05 Imperial Age
31:34 Gold Mining
32:33 Chain Mail Armor
32:35 Fletching
32:45 Padded Archer Armor
32:55 Forging
33:59 Gold Shaft Mining
34:03 Ballistics
33:16 Crossbowman
34:01 Thumb Ring
34:07 Royal Heirs
34:17 Bodkin Arrow
35:13 Conscription
36:14 Chemistry
34:40 Arbalester
35:51 Leather Archer Armor
37:39 Ring Archer Armor
37:10 Bracer
40:00 Elite Shotel Warrior
40:24 Capped Ram
42:02 Plate Mail Armor
42:08 Iron Casting
41:56 Capped Ram
44:14 Squires
43:59 Arson
45:24 Elite Skirmisher
46:55 Town Patrol
VN_BILL
12:02 Feudal Age
12:23 Double-Bit Axe
15:07 Fletching
15:17 Padded Archer Armor
18:57 Castle Age
16:43 Loom
17:43 Gold Mining
18:01 Horse Collar
18:33 Town Watch
19:42 Medium Warships
19:28 Bodkin Arrow
19:44 Bow Saw
20:49 Leather Archer Armor
28:19 Wheelbarrow
29:54 Hand Cart
34:39 Imperial Age
32:39 Forging
32:34 Scale Barding Armor
33:57 Iron Casting
34:16 Gold Shaft Mining
34:14 Bloodlines
34:05 Husbandry
34:37 Chain Barding Armor
34:38 Cavalier
36:49 Blast Furnace
37:04 Chemistry
36:25 Ballistics
36:37 Ring Archer Armor
37:14 Plate Barding Armor
37:35 Savar
41:16 Coinage
43:51 Heavy Plow
45:42 Two-Man Saw
45:32 Light Cavalry
Connection lost

Rejoining the realm…

Still unreachable

The connection could not be restored.

Session expired

The server has moved on; the page needs a fresh start.